 Dungeon Crawl Stone Soup version 0.29.0-4-gdea44cf6ec (webtiles) character file.

Game seed: 14127740321550772013

441 qw the Ruffian (level 6, -1/59 HPs)
             Began as a Troll Cinder Acolyte on Sept 1, 2022.
             Was a High Priest of Ignis.
             Succumbed to a hornet's poison
             ... on level 7 of the Dungeon.
             The game lasted 00:01:47 (2976 turns).

qw the Ruffian (Troll Cinder Acolyte)               Turns: 2976, Time: 00:01:48

Health: -1/59      AC: 12    Str: 25    XL:     6   Next: 70%
Magic:  6/6        EV:  8    Int: 10    God:    Ignis [*****.]
Gold:   148        SH:  7    Dex:  5    Spells: 7/7 levels left

rFire   + . .      SeeInvis .     - Unarmed
rCold   . . .      Faith    .   k - +0 kite shield
rNeg    . . .      Spirit   .   a - +0 robe
rPois   .          Reflect  .   (helmet restricted)
rElec   .          Harm     .   d - +0 cloak
rCorr   .          Rampage  .   (gloves unavailable)
Will    .....                   (boots unavailable)
Stlth   +.........              (no amulet)
HPRegen 0.99/turn               (no ring)
MPRegen 0.10/turn               (no ring)

@: lethally poisoned (-1 -> -4), fiery-armoured, slowed, very slow
A: large, unfitting armour, claws 3, regeneration 1, shaggy fur 1, tough skin 1
a: Renounce Religion, Fiery Armour, Foxfire Swarm, Rising Flame


You were on level 7 of the Dungeon.
You worshipped Ignis.
Ignis was extremely pleased with you.
You visited 1 branch of the dungeon, and saw 5 of its levels.

You collected 148 gold pieces.


Innate Abilities, Weirdness & Mutations

You are too large for most types of armour.
You have claws for hands.
Your natural rate of healing is unusually fast.
You are covered in fur. (AC +1)
You have tough skin. (AC +1)


   Skills:
 - Level 2.4 Fighting
 - Level 4.4 Shields
 + Level 5.6 Unarmed Combat
 - Level 1.0 Spellcasting
 - Level 2.1 Fire Magic


You had 7 spell levels left.
You didn't know any spells.
Your spell library contained the following spells:

 Spells                   Type           Power      Damage    Failure   Level
 Scorch                   Fire           8%         2d5       43%         2

Inventory:

Armour
 a - a +0 robe (worn)
 d - a +0 cloak (worn)
 k - a +0 kite shield (worn)
Scrolls
 c - a scroll of identify
 e - 2 scrolls of brand weapon
Potions
 f - a potion of haste
 g - a potion of curing
 h - a potion of flight {unknown}
 i - a potion of attraction {unknown}
 l - a potion of degeneration {unknown}

Dungeon Overview and Level Annotations

Branches:
Dungeon (7/15)
 Temple: D:4-7

Altars:
Uskayaw

Annotations:
D:3 1 runed translucent door, BraveToast's ghost, amateur OgHu


Message History

The hornet buzzes angrily.
A scorpion comes into view.
You scratch the hornet but do no damage.
The hornet barely misses you. x2
You scratch the hornet.
The hornet is lightly wounded.
The hornet barely misses you. The hornet stings you.
You suddenly lose the ability to move!
The hornet stings you but does no damage.
The hornet stings you!
You are poisoned.
You feel yourself slow down. The hornet stings you!
You feel as though you will be slow longer.
You can move again.
You closely miss the hornet.
The hornet is lightly wounded.
You feel very sick.
The scorpion stings you but does no damage.
The hornet stings you!
You are more poisoned.
You feel as though you will be slow longer.
The scorpion closely misses you. The hornet stings you!
You feel as though you will be slow longer.
2975 ||| INVOKING Fiery Armour.
A protective cloak of flame settles atop you.
You feel very sick. You block the hornet's attack.
The scorpion stings you but does no damage.
The scorpion is burned by your cloak of flames.
The scorpion is moderately wounded.
The hornet stings you!
You feel as though you will be slow longer.
The hornet is burned by your cloak of flames.
The hornet is lightly wounded.
The scorpion stings you.
The scorpion is burned by your cloak of flames.
The scorpion is moderately wounded.
You closely miss the scorpion.
The scorpion is moderately wounded.
You die...

.... ....#.. ..###....
##. #.....
#...#...####...
##....# #...........#
#.....# #.........#
#..#..# #........##
#..###.##
#.........##..# #..#
##...ys..%.....# #..#
#...!@...##...## ##.#
#....##..###...#####..
#..## ##..#.......##..
.... #..#.####......
##. #....## ###.... #
#.....# ###..
##.....## ##..
#.......#####...
#...##.###..#.....


You could see a hornet and a scorpion.

Vanquished Creatures
  A wyvern (D:7)
  Edmund (D:4)
  Robin (D:2)
  7 adders
  A worm (D:3)
  5 dart slugs
  An orc (D:3)
  9 endoplasms
  6 giant cockroaches
  13 goblins
  4 hobgoblins
  6 jackals
  5 kobolds
  A quokka (D:1)
  7 ball pythons
  11 bats
  3 frilled lizards
  5 rats
87 creatures vanquished.

Notes
Turn   | Place    | Note
-------+----------+-------------------------------------------
     0 | D:1      | qw the Troll Cinder Acolyte began the quest for the Orb.
     0 | D:1      | Reached XP level 1. HP: 22/22 MP: 1/1
     0 | D:1      | 0 ||| qw: Version: 0.1-a-97-g2dd2ca4
     0 | D:1      | 0 ||| qw: Game counter: 4770
     0 | D:1      | 0 ||| qw: Always use a shield: true
     0 | D:1      | 0 ||| qw: God list: Okawaru
     0 | D:1      | 0 ||| qw: Allow faded altars: false
     0 | D:1      | 0 ||| qw: Do Orc after D:15 true
     0 | D:1      | 0 ||| qw: Do second Lair branch before Depths: true
     0 | D:1      | 0 ||| qw: Lair rune preference: random
     0 | D:1      | 0 ||| qw: Plans: Normal
     0 | D:1      | 0 ||| PLANNING D:1-11
   150 | D:1      | Reached XP level 2. HP: 29/29 MP: 2/2
   183 | D:1      | 183 ||| Stepping ~*~*~tactically~*~*~ (stealth).
   184 | D:1      | 184 ||| Stepping ~*~*~tactically~*~*~ (stealth).
   241 | D:1      | 241 ||| Stepping ~*~*~tactically~*~*~ (hiding).
   254 | D:1      | Reached skill level 4 in Unarmed Combat
   267 | D:1      | 267 ||| Stepping ~*~*~tactically~*~*~ (stealth).
   322 | D:1      | Found a faded altar of an unknown god.
   419 | D:1      | Reached XP level 3. HP: 36/36 MP: 3/3
   522 | D:1      | 522 ||| Stepping ~*~*~tactically~*~*~ (stealth).
   523 | D:1      | 523 ||| Stepping ~*~*~tactically~*~*~ (stealth).
   529 | D:1      | 529 ||| Stepping ~*~*~tactically~*~*~ (stealth).
   749 | D:1      | 749 ||| UPGRADING to +0 cloak.
   754 | D:1      | 754 ||| READING 2 scrolls labelled YLOVICV VUEMPE.
   755 | D:1      | 755 ||| READING 3 scrolls labelled AKIRAE FOARA.
   756 | D:1      | 756 ||| READING scroll labelled DAJ BIFIRIRIO.
   840 | D:2      | 840 ||| Stepping ~*~*~tactically~*~*~ (outnumbered).
   871 | D:2      | 871 ||| Stepping ~*~*~tactically~*~*~ (stealth).
   948 | D:2      | Reached XP level 4. HP: 44/44 MP: 4/4
  1010 | D:2      | 1010 ||| FLEEEEING.
  1017 | D:2      | Reached skill level 5 in Unarmed Combat
  1030 | D:2      | 1030 ||| Stepping ~*~*~tactically~*~*~ (outnumbered).
  1031 | D:2      | 1031 ||| Stepping ~*~*~tactically~*~*~ (outnumbered).
  1032 | D:2      | 1032 ||| Stepping ~*~*~tactically~*~*~ (outnumbered).
  1033 | D:2      | 1033 ||| Stepping ~*~*~tactically~*~*~ (outnumbered).
  1034 | D:2      | 1034 ||| Stepping ~*~*~tactically~*~*~ (outnumbered).
  1035 | D:2      | 1035 ||| Stepping ~*~*~tactically~*~*~ (outnumbered).
  1036 | D:2      | 1036 ||| Stepping ~*~*~tactically~*~*~ (outnumbered).
  1037 | D:2      | 1037 ||| Stepping ~*~*~tactically~*~*~ (outnumbered).
  1038 | D:2      | 1038 ||| Stepping ~*~*~tactically~*~*~ (outnumbered).
  1039 | D:2      | 1039 ||| Stepping ~*~*~tactically~*~*~ (outnumbered).
  1040 | D:2      | 1040 ||| Stepping ~*~*~tactically~*~*~ (outnumbered).
  1041 | D:2      | 1041 ||| Stepping ~*~*~tactically~*~*~ (outnumbered).
  1042 | D:2      | 1042 ||| Stepping ~*~*~tactically~*~*~ (outnumbered).
  1045 | D:2      | 1045 ||| Stepping ~*~*~tactically~*~*~ (stealth).
  1420 | D:2      | Noticed Robin
  1421 | D:2      | 1421 ||| Stepping ~*~*~tactically~*~*~ (hiding).
  1434 | D:2      | Killed Robin
  1438 | D:2      | 1438 ||| Stepping ~*~*~tactically~*~*~ (outnumbered).
  1553 | D:2      | 1553 ||| Stepping ~*~*~tactically~*~*~ (hiding).
  1761 | D:2      | 1761 ||| UPGRADING to +0 kite shield.
  1766 | D:2      | 1766 ||| READING scroll labelled PACWUFALAH.
  1867 | D:2      | 1867 ||| READING scroll labelled PIZUCHU GOMEIWN.
  1868 | D:2      | 1868 ||| READING scroll labelled LOWKEGOSUR.
  1869 | D:2      | 1869 ||| READING 2 scrolls of identify.
  1869 | D:2      | 1869 ||| IDENTIFYING fizzy yellow potion
  1870 | D:2      | 1870 ||| Stepping randomly (stuck).
  1871 | D:2      | 1871 ||| Stepping ~*~*~tactically~*~*~ (cloud).
  2014 | D:3      | Found a hide-covered altar of Uskayaw.
  2041 | D:3      | Reached XP level 5. HP: 50/50 MP: 5/5
  2109 | D:3      | Reached skill level 1 in Shields
  2387 | D:3      | Noticed BraveToast's ghost (amateur OgHu)
  2487 | D:3      | Found a runed translucent door.
  2639 | D:3      | 2639 ||| READING scroll labelled OJYORH AFAKHLUI.
  2664 | D:3      | 2664 ||| READING scroll labelled XOIKIO EPHU.
  2709 | D:4      | Noticed Edmund
  2720 | D:4      | 2720 ||| INVOKING Fiery Armour.
  2735 | D:4      | Killed Edmund
  2736 | D:4      | Reached skill level 3 in Shields
  2736 | D:4      | Reached XP level 6. HP: 26/59 MP: 6/6
  2836 | D:4      | You fall into a shaft and drop 3 floors!
  2936 | D:7      | Noticed a wyvern
  2945 | D:7      | Killed a wyvern
  2966 | D:7      | Noticed a hornet
  2971 | D:7      | Paralysed by a hornet for 3 turns
  2975 | D:7      | 2975 ||| INVOKING Fiery Armour.
  2975 | D:7      | HP: 6/59 [hornet (13)]
  2975 | D:7      | HP: 1/59 [scorpion (5)]
  2976 | D:7      | Succumbed to a hornet's poison

Levels and vault maps discovered:
D:1:      lemuel_arrival_funnel, layout_loops_ring,
          shapermc_ecumenical_altar_rom_forum, minmay_box_of_dots
D:2:      layout_basic, minmay_misc_feat_plants, uniq_robin
D:3:      layout_basic, nicolae_uskayaw_dance_hall,
          hellmonk_ghost_happy_afterlife, minmay_misc_feat_cross
D:4:      layout_loops_corners, mainiacjoe_overflow_concentric_impassable,
          minitemple, st_stairs_6, kennysheep_small_square, uniq_edmund,
          uniq_natasha
D:7:      layout_layer_cave, minmay_temple_entry_wispy, serial_shops, shop,
          minmay_misc_feat_rows

Skill      XL: |  1  2  3  4  5  6 |
---------------+-------------------+-----
Unarmed Combat | 4 5 |  5.6
Shields        | 3 4 |  4.4
Fighting       | |  2.4
Spellcasting   | |  1.0
Fire Magic     | |  2.1

Action                   |  1- 3 |  4- 6 || total
-------------------------+-------+-------++-------
Melee: Unarmed           |    84 |   137 ||   221
       Punch             |       |     1 ||     1
Invok: Fiery Armour      |       |     2 ||     2
  Use: Scroll            |     3 |     6 ||     9
Armor: Robe              |    27 |    44 ||    71
Dodge: Dodged            |    31 |    44 ||    75
Block: Kite shield       |       |    18 ||    18

Table legend:
 A = Non-vault XP
 B = Vault XP
 C = Vault XP percentage of total XP
 D = Non-vault monster count
 E = Vault monster count
 F = Vault count percentage of total count
                 A         B        C        D         E       F
            +---------+---------+-------+---------+---------+-------
      Total |     423 |     207 |  32.9 |      75 |      12 |  13.8
            +---------+---------+-------+---------+---------+-------
        D:1 |      50 |       6 |  10.7 |      25 |       3 |  10.7
        D:2 |      97 |      28 |  22.4 |      30 |       8 |  21.1
        D:3 |      67 |       0 |   0.0 |      17 |       0 |   0.0
        D:4 |       4 |     173 |  97.7 |       2 |       1 |  33.3
        D:7 |     205 |       0 |   0.0 |       1 |       0 |   0.0
            +---------+---------+-------+---------+---------+-------
